 Dungeon Crawl Stone Soup version 0.30-a0-140-gd1020e658a (webtiles) character file.

Game seed: 8428770898902874473

4 jt the Vexing (level 1, 0/16 HPs)
             Began as a Palentonga Hexslinger on Sept 24, 2022.
             Slain by a kobold
             ... wielding a +0 short sword
              (2 damage)
             ... on level 1 of the Dungeon.
             The game lasted 00:00:46 (233 turns).

jt the Vexing (Palentonga Hexslinger)                Turns: 233, Time: 00:00:47

Health: 0/16       AC:  4    Str: 15    XL:     1   Next: 50%
Magic:  1/2        EV:  9    Int: 13    God:
Gold:   0          SH:  0    Dex: 10    Spells: 1/2 levels left

rFire   . . .      SeeInvis +    a - +1 sling
rCold   . . .      Faith    .    (no shield)
rNeg    . . .      Spirit   .    c - +0 robe
rPois   .          Reflect  .    (no helmet)
rElec   .          Harm     .    (no cloak)
rCorr   .          Rampage  .    (no gloves)
Will    .....                    (no barding)
Stlth   +.........               (no amulet)
HPRegen 0.05/turn                (no ring)
MPRegen 0.08/turn                (no ring)

@: attractive, hasted, very quick
A: large, rugged brown scales 3, see invisible, deformed body, roll 1, armoured
tail
a: Rolling Charge


You were on level 1 of the Dungeon.
You visited 1 branch of the dungeon, and saw 1 of its levels.

Inventory:

Hand Weapons
 a - a +1 sling (weapon)
 d - a +0 dagger
Missiles
 e - 4 stones
Armour
 c - a +0 robe (worn)
Scrolls
 b - a scroll of poison
Potions
 f - a potion of attraction


   Skills:
 + Level 1.5 Fighting
 - Level 1.5 Ranged Weapons
 - Level 1.5 Dodging
 - Level 1.0 Spellcasting
 - Level 3.0 Hexes


You had one spell level left.
You knew the following spells:

 Your Spells              Type           Power      Damage    Failure   Level
a - Slow                  Hex            32%        N/A       9%          1

Your spell library contained the following spells:

 Spells                   Type           Power      Damage    Failure   Level
 Inner Flame              Hex/Fire       4%         N/A       41%         3
 Portal Projectile        Hex/Tloc       8%         N/A       41%         3
 Cause Fear               Hex            4%         N/A       63%         4


Dungeon Overview and Level Annotations

Branches:
Dungeon (1/15)

Altars:


Innate Abilities, Weirdness & Mutations

You are completely covered in rugged brown scales. (AC +3, +7% HP)
You have supernaturally acute eyesight. (SInv)
Armour fits poorly on your strangely shaped body.
You can roll at nearby foes to attack.
You have a long armoured tail.


Message History

The bat hits you but does no damage.
The frilled lizard bites you but does no damage.
The kobold hits you but does no damage.
The kobold hits you with a +0 short sword.
The frilled lizard bites you but does no damage.
You shoot a sling bullet. The sling bullet hits the kobold.
The kobold is heavily wounded.
The bat hits you but does no damage. x2; The frilled lizard bites you.
The kobold hits you with a +0 short sword.
You shoot a sling bullet.
The sling bullet closely misses the kobold.
The bat hits you but does no damage.
The kobold hits you with a +0 short sword.
You shoot a sling bullet. The sling bullet misses the kobold.
The bat hits you but does no damage. The kobold completely misses you.
The frilled lizard bites you but does no damage.
The kobold hits you with a +0 short sword.
The frilled lizard closely misses you. x2
You are too injured to fight recklessly!
Unknown command.
You are too injured to fight recklessly!
Aiming: Slow (safe; 9% risk of failure)
Press: ? - help, Q - select action, (/) - cycle Shift-Dir - straight line, f/p - kobold
Aim: a kobold, wielding a +0 short sword (heavily wounded, chance to affect: 63%)
The kobold seems to slow down.
The bat hits you but does no damage. The frilled lizard barely misses you.
The frilled lizard bites you but does no damage.
Okay, then.
It was a potion of attraction.
You feel attractive to monsters. The bat barely misses you.
The kobold hits you with a +0 short sword.
* * * LOW HITPOINT WARNING * * *
The bat hits you but does no damage.
The frilled lizard unfolds its giant frill.
The frilled lizard bites you but does no damage. x2
It was a potion of haste.
You feel yourself speed up. The bat hits you.
* * * LOW HITPOINT WARNING * * *
The kobold hits you with a +0 short sword.
You die...

#.# #.# #.# #.# #.#
#.# ..# #.# # #####
#.# #########.
##...####.###.........
#......##..........#
...
#.........b.K.#..##
...
#.######...@l:.....
..†###.# #.###l.#..##
#......# #.# ..#
##...### # #.. ....
###..##...# #.# ..##)
..........# #.. ... ..
#####.###.# #.. #..# #
#####.# ... ...
......#


You could see a bat, a kobold (slow) and 2 frilled lizards.

Vanquished Creatures
  A giant cockroach (D:1)
  A goblin (D:1)
  A ball python (D:1)
  A frilled lizard (D:1)
4 creatures vanquished.

Notes
Turn   | Place    | Note
-------+----------+-------------------------------------------
     0 | D:1      | jt the Palentonga Hexslinger began the quest for the Orb.
     0 | D:1      | Reached XP level 1. HP: 16/16 MP: 2/2
   233 | D:1      | Slain by a kobold

Illustrated notes

Levels and vault maps discovered:
D:1:      lemuel_arrival_tunnels, layout_loops_ring,
          ebering_ecumenical_altar_rust

Action                   || total
-------------------------++-------
Melee: Sling             ||     1
       Tailslap          ||     1
 Fire: Sling             ||    20
 Cast: Slow              ||     1
 Abil: Rolling Charge    ||     1
  Use: Potion            ||     2
Armor: Robe              ||    21
Dodge: Dodged            ||    10

Table legend: (Time is in decaauts)
 A = Elapsed time spent in this place.
 B = Non-inter-level travel time spent in this place.
 C = Inter-level travel time spent in this place.
 D = Time resting spent in this place.
 E = Time spent auto-exploring this place.
 F = Levels seen in this place.
 G = Mean time per level.
                   A        B        C        D        E       F      G
               +--------+--------+--------+--------+--------+-----+--------+
         Total |    240 |    240 |      0 |      0 |    177 |   1 |  240.0 |
       Dungeon |    240 |    240 |      0 |      0 |    177 |   1 |  240.0 |
               +--------+--------+--------+--------+--------+-----+--------+

Top non-repeatable levels by time:
     D:1: 240 daAuts
